Zazza, neutral female human Tourist --------------- ------ --------- #-.........(...| |.....#########I`........| ###|..........\..| |....| ##|.......| # ------------.-- |..... ###|....`..| ###### ----- ----.- |.......| # |...| # |.......| #######################....| ### -.------- # #---.- |...| # ###########`########### ####|...-#######-...| ## ##################### #|.>.| ----- ------|--- -|-.-.--- #|...| |........| |....C)))###`#|...| |..<...%.-##`######### |.....f.| ###----- |........|##### ######################-.......| ) |.....#...# |.....u.-### ----------############################-G......| |......f| --------- Zazza the Excursionist Experience level: 7 Strength: 14 Dexterity: 9 Constitution: 18 Intelligence: 14 Wisdom: 9 Charisma: 18 Health: 0(77) Energy: 33(33) Def: 6 Gold: 969 Moves: 8117 Dungeon seed: pUFU6rtINIaHCHXL Game ID: Zazza_1564498183 Your Inventory: Coins $ - 969 gold pieces Weapons a - 16 blessed +2 darts (in quiver) C - 2 +0 elven daggers (wielded) U - 3 +0 daggers Armor e - an uncursed +0 Hawaiian shirt (being worn) f - an uncursed +0 elven mithril-coat (being worn) g - an uncursed +0 dwarvish cloak (being worn) Y - an uncursed +0 orcish helm (being worn) Comestibles b - 2 uncursed food rations h - 2 uncursed eggs z - an uncursed egg M - an uncursed sprig of wolfsbane Scrolls j - 5 uncursed scrolls of magic mapping p - an uncursed scroll of enchant weapon u - 2 uncursed scrolls of identify B - a cursed scroll of light L - an uncursed scroll of remove curse T - 2 uncursed scrolls of blank paper Spellbooks Q - an uncursed spellbook of magic missile Potions r - a cursed potion of gain energy E - an uncursed potion of levitation F - 2 uncursed potions of invisibility G - an uncursed potion of confusion K - a cursed potion of paralysis O - 2 uncursed potions of object detection S - an uncursed potion of sleeping W - an uncursed potion of gain ability Z - an uncursed potion of fruit juice Rings X - an uncursed ring of see invisible Wands t - a wand of make invisible (0:3) N - a wand of speed monster (0:0) P - a wand of speed monster (0:8) Tools k - an expensive camera (0:34) l - an uncursed credit card H - 2 uncursed wax candles (0:400) I - an uncursed magic lamp (lit) J - an uncursed mirror V - a +0 pick-axe Gems n - an uncursed worthless piece of black glass q - an uncursed worthless piece of yellowish brown glass y - an uncursed touchstone Spells and supernatural/magical abilities: Name Level Category Fail Memory h - healing 1 healing 100% 60% W - pray for help -- divine ? -- Your skills at the end: Fighting Skills bare handed combat [Basic] Weapon Skills dagger [Skilled] dart [Basic] Spellcasting Skills Final Attributes: You were piously aligned. You were telepathic. You were invisible. You were fast. You are dead. Vanquished creatures: a tengu 2 gnome kings an owlbear a gold golem 2 dingos a housecat a plains centaur 7 bugbears 2 water nymphs 7 Mordor orcs 2 orc shamans 2 rock piercers a rock mole a pony a yellow light 2 shriekers 9 gnome lords 6 gnomish wizards a black naga hatchling a paper golem a baby crocodile 5 giant ants a little dog 3 floating eyes a kitten 8 dwarves a homunculus 2 kobold lords 10 hill orcs a rabid rat 3 dwarf zombies 2 wererats 6 iguanas 3 coyotes 4 hobbits 3 manes 2 large kobolds 7 hobgoblins 4 giant rats a cave spider a brown mold 3 yellow molds 2 red molds 31 gnomes 10 garter snakes 3 gnome zombies 4 geckos 13 jackals 2 foxes 4 kobolds 4 goblins 3 sewer rats 4 grid bugs 3 bats 5 lichens 3 kobold zombies 7 newts 221 creatures vanquished. Voluntary challenges: You had been an atheist until turn 2344. You used a wielded weapon 250 times, starting on turn 1756. You read items or engraved 20 times, starting on turn 7. You never genocided any monsters. You never polymorphed an object. You never changed form. You used no wishes. You never split a pudding. You wrote Elbereth's name 11 times, starting on turn 2752. You never violated your personal moral code. Dungeon overview: The Dungeons of Doom: levels 1 to 10 Level 1 some fountains a long staircase Level 2 stairs to The Gnomish Mines Level 3 some fountains Level 4 Level 5 some fountains Level 6 many fountains Level 7 an altar to The Lady, a fountain a long staircase Level 8 a fountain Level 9 some fountains Level 10 <- You were here a sink, a throne The Gnomish Mines: levels 3 to 6 Level 3 stairs to The Dungeons of Doom Level 4 Level 5 many shops, a temple to Blind Io, some fountains Level 6 History has recorded: On T:1 you entered the Dungeons of Doom to retrieve the Amulet of Yendor! On T:580 you reached level 2 of The Dungeons of Doom. On T:836 you reached level 3 of The Dungeons of Doom. On T:1132 you advanced to experience level 2. On T:1293 you reached level 4 of The Dungeons of Doom. On T:1482 you reached level 5 of The Dungeons of Doom. On T:1927 you reached level 6 of The Dungeons of Doom. On T:2116 you advanced to experience level 3. On T:2309 you reached level 7 of The Dungeons of Doom. On T:3171 you advanced to experience level 4. On T:3512 you reached level 1 of The Gnomish Mines. On T:3789 you reached level 2 of The Gnomish Mines. On T:3939 you advanced to experience level 5. On T:4018 you reached level 3 of The Gnomish Mines. On T:4279 you advanced to experience level 6. On T:4372 you reached level 4 of The Gnomish Mines. On T:6504 you advanced to experience level 7. On T:6695 you reached level 8 of The Dungeons of Doom. On T:7248 you reached level 9 of The Dungeons of Doom. On T:7486 you reached level 10 of The Dungeons of Doom. Score breakdown: Gold: 762 ( 9805 points) Experience: 7 levels (13645 points) Exploration: 10 levels ( 21.74%) (13416 points) Discoveries: 8 items ( 2.68%) ( 4915 points) Valuables value: (no points given unless you survive) Artifact value: 0 ( 0 points) Variety of kills: 57 monsters ( 14.96%) (11603 points) Turncount: 8117 turns (-2070 points) Survival: died (score multiplied by 80%) Total score: 41051 Latest messages: The dart hits it. You don't have that object. The dart hits it. The dart misses it. You hit it. The mountain centaur swings her curved sword. The mountain centaur hits! The mountain centaur misses. The mountain centaur just misses! You write in the dust with your fingers. The mountain centaur wields a curved sword! The mountain centaur swings her curved sword. The mountain centaur hits! The mountain centaur kicks! You die... Final status: Aloha Zazza the Tourist, killed by a mountain centaur... You died in The Dungeons of Doom on dungeon level 10 with 41051 points, and 969 pieces of gold, after 8117 moves. You were level 7 with a maximum of 77 hit points when you died.